 Dungeon Crawl Stone Soup version 0.31.0-11-ge490571c62 (webtiles) character file.

Game seed: 4138464069082822546

52068 qw the Spry (level 14, -3/72 HPs)
             Began as a Spriggan Hunter on Feb 3, 2024.
             Was a High Priest of Okawaru.
             Constricted to death by Jorgrun (16 damage)
             ... on level 13 of the Dungeon.
             The game lasted 00:05:45 (16240 turns).

qw the Spry (Spriggan Hunter)                      Turns: 16240, Time: 00:05:46

Health: -3/72      AC: 13    Str: 10    XL:     14   Next: 25%
Magic:  18/22      EV: 39    Int: 10    God:    Okawaru [*****.]
Gold:   1272       SH:  0    Dex: 24    Spells: 13/13 levels left

rFire   + . .        c - +3 arbalest (heavy)
rCold   + . .        (shield currently unavailable)
rNeg    . . .        b - +2 robe {rC+ rF+}
rPois   +            a - +2 hat
rElec   .            e - +2 cloak
rCorr   .            (gloves unavailable)
SInv    +            (boots unavailable)
Will    ++...        y - amulet of faith
Stlth   +            k - +4 ring of protection
HPRegen 0.32/turn    t - ring "Nuapsec" {rPois EV+5 Str+3 Slay+3}
MPRegen 0.18/turn

%: faith
@: about to teleport, finesse-ful, grasped by roots, constricted, slow
A: very small, no large weapons, unfitting armour, see invisible, speed 3
a: Renounce Religion, Heroism, Finesse, Duel


You were on level 13 of the Dungeon.
You worshipped Okawaru.
Okawaru was extremely pleased with you.
You visited 3 branches of the dungeon, and saw 19 of its levels.

You collected 1272 gold pieces.


Innate Abilities, Weirdness & Mutations

You are very small and have problems with some larger weapons.
You are too small for most types of armour.
You have supernaturally acute eyesight. (SInv)
You cover ground extremely quickly. (Speed+++)


   Skills:
 - Level 7.0 Fighting
 + Level 17.1 Ranged Weapons
 - Level 1.0 Armour
 - Level 18.0 Dodging
 - Level 1.5 Stealth
 - Level 10.0 Invocations


You had 13 spell levels left.
You didn't know any spells.
Your spell library was empty.

Inventory:

Hand Weapons
 c - a +3 heavy arbalest (weapon)
Armour
 a - a +2 hat (worn)
 b - a +2 robe of resistance (worn)
 e - a +2 cloak (worn)
 s - a +0 troll leather armour
Jewellery
 h - a ring of fire
 k - a +4 ring of protection (left hand)
 t - the ring "Nuapsec" (right hand) {rPois EV+5 Str+3 Slay+3}
   (You found it on level 4 of the Lair of Beasts)

   [ring of evasion]

   EV+5:      It affects your evasion (+5).
   Str+3:     It affects your strength (+3).
   Slay+3:    It affects your accuracy & damage with ranged weapons and melee
   (+3).
   rPois:     It protects you from poison
 y - an amulet of faith (around neck)
Wands
 i - a wand of digging (13)
 m - a wand of light (15)
 o - a wand of paralysis (20)
 p - a wand of polymorph (14)
 u - a wand of iceblast (14)
Scrolls
 l - 10 scrolls of identify
 n - 4 scrolls of teleportation
 x - a scroll of enchant armour
Potions
 d - 3 potions of cancellation
 f - a potion of resistance
 g - 3 potions of mutation
 j - 3 potions of enlightenment
 q - 9 potions of curing
 r - 3 potions of haste
 v - a potion of might
 w - 2 potions of heal wounds

Dungeon Overview and Level Annotations

Branches:
Dungeon (13/15)            Temple (1/1) D:6            Lair (5/5) D:8
 Shoals (0/4) Lair:3        Snake (0/4) Lair:3        Slime (0/5) Lair:5
    Orc (0/2) D:11
 Vaults: D:13-14

Altars:
Ashenzari
Cheibriados
Dithmenos
Elyvilon
Fedhas
Gozag
Hepliaklqana
Kikubaaqudgha
Makhleb
Nemelex Xobeh
Okawaru
Qazlal
Ru
Sif Muna
Trog
Uskayaw
Vehumet
Wu Jian
Xom
Yredelemnul
Zin
The Shining One

Shops:
D:2 =   D:4 (   D:12 (

Annotations:
D:13 Jorgrun


Message History

Okawaru accepts your kill.
You enter the shallow water.
Moving in this stuff is going to be slow.
Jorgrun Earthshaker comes into view.
He is wielding a +0 heavy quarterstaff and wearing a +2 robe of resistance.
16231 ||| INVOKING Finesse.
You can now deal lightning-fast blows.
Jorgrun shouts!
Jorgrun gestures at you while chanting.
Roots burst forth from the earth!
The grasping roots grab you! The grasping roots constrict you.
You shoot a bolt. The bolt barely misses Jorgrun.
You shoot a bolt. The bolt hits Jorgrun!
Jorgrun is lightly wounded.
The grasping roots constrict you!
You shoot a bolt. The bolt hits Jorgrun!!
Jorgrun is moderately wounded.
Jorgrun gestures at you while chanting. You resist with almost no effort.
The grasping roots constrict you!!
You shoot a bolt. The bolt hits Jorgrun!!!
Jorgrun is severely wounded.
You hear a horrible gurgling sound!
The grasping roots constrict you!
16236 ||| FLEEEEING.
You escape the roots grasp.
You enter the shallow water.
Moving in this stuff is going to be slow.
16237 ||| FLEEEEING.
16238 ||| FLEEEEING.
Jorgrun mutters some incantations to himself.
16239 ||| FLEEEEING.
Jorgrun casts a spell at you.
Roots burst forth from the earth!
The grasping roots grab you! The grasping roots constrict you.
Jorgrun says, "'tis place shall be yer tomb!"
The grasping roots constrict you!
16240 ||| READING 5 scrolls of teleportation.
As you read the scroll of teleportation, it crumbles to dust.
You feel strangely unstable. The grasping roots constrict you!
You die...

#...~~~~~~P..
##..~~~~~~.~..
#....~~~~~~..#
#...~~~~~P~..#
#..~~P~~~....##..
#..~~~~~~........
#...P~~~~........
#..~~~~~~........
#...~@~~P........
#...P~~~~.#......
##..P~~..........
#..~P~~P........
#..~P~~..g......
#.~.P~~..#......
#..~~~~~........
#..~~~~..#......
#.~~~~PP........


You could see Jorgrun.

Vanquished Creatures
  2 hydras
  Erica (D:11)
  3 catoblepae (Lair:5)
  2 boulder beetles
  2 two-headed ogres
  5 death yaks
  A skyshark (Lair:4)
  2 ugly things
  A cyclops (D:11)
  6 manticores
  Maurice (D:9)
  3 elephants (Lair:5)
  3 black mambas
  A torpor snail (Lair:4)
  A gargoyle (D:11)
  9 cane toads
  An unseen horror (D:11)
  11 komodo dragons
  2 rime drakes
  Psyche (D:11)
  A kobold demonologist (D:11)
  2 ice devils (Lair:2)
  3 polar bears
  4 trolls
  A hornet (D:10)
  20 blink frogs
  20 dream sheep
  9 slime creatures (D:12)
  A shadow (D:10)
  66 yaks
  2 wraiths
  A vampire (D:11)
  4 basilisks
  8 wyverns
  A steam dragon (D:7)
  2 nagas (Lair:3)
  18 water moccasins
  An acid dragon (D:11)
  An orc warrior (D:6)
  4 sky beasts
  2 ogres
  6 black bears
  An ice beast (D:6)
  3 centaurs (D:12)
  A wolf (Lair:4)
  A phantom (D:7)
  Blork the orc (D:4)
  A kobold brigand (D:10)
  7 bullfrogs
  A gnoll sergeant (D:9)
  4 scorpions
  4 wights (D:7)
  7 howler monkeys
  2 electric eels (D:13)
  3 bombardier beetles
  A hound (D:4)
  8 jellies
  6 orc priests
  2 sleepcaps
  Jessica (D:2)
  3 gnoll boudas
  9 iguanas
  Natasha (thrice) (D:2)
  9 orc wizards
  21 gnolls
  8 adders
  A shadow imp (D:6)
  2 white imps
  2 ufetubi
  3 dart slugs (D:2)
  6 ribbon worms
  54 orcs
  8 ball pythons
  11 bats
  4 endoplasms
  4 giant cockroaches
  5 goblins
  4 hobgoblins
  A jackal (D:2)
  15 kobolds
  4 quokkas
  A frilled lizard (D:2)
  7 rats
474 creatures vanquished.

Notes
Turn   | Place    | Note
-------+----------+-------------------------------------------
     0 | D:1      | qw the Spriggan Hunter began the quest for the Orb.
     0 | D:1      | Reached XP level 1. HP: 10/10 MP: 2/2
     0 | D:1      | 0 ||| qw: Version: 0.3-a-155-g5e7d8dd
     0 | D:1      | 0 ||| qw: Game counter: 3440
     0 | D:1      | 0 ||| qw: Melee chars always use a shield: true
     0 | D:1      | 0 ||| qw: God list: Okawaru
     0 | D:1      | 0 ||| qw: Allow faded altars: false
     0 | D:1      | 0 ||| qw: Do Orc after clearing Dungeon:15 true
     0 | D:1      | 0 ||| qw: Do second Lair branch before Depths: true
     0 | D:1      | 0 ||| qw: Lair rune preference: random
     0 | D:1      | 0 ||| qw: Goals: Normal
     0 | D:1      | 0 ||| PLANNING D:1-11
    59 | D:1      | Reached skill level 3 in Dodging
    75 | D:1      | HP: 1/10 [ball python (3)]
   203 | D:1      | Reached XP level 2. HP: 14/14 MP: 3/3
   225 | D:1      | Reached skill level 4 in Dodging
   475 | D:1      | Found a faded altar of an unknown god.
   756 | D:1      | Reached XP level 3. HP: 18/18 MP: 4/4
   840 | D:1      | 840 ||| DROPPING amulet of magic regeneration.
   841 | D:1      | 841 ||| UPGRADING to +4 ring of protection.
   842 | D:1      | 842 ||| READING scroll labelled RYS TESYLOBAYX.
   843 | D:1      | 843 ||| READING 2 scrolls labelled ACES KUNTYE.
   843 | D:1      | 843 ||| IDENTIFYING fuming pink potion
   844 | D:1      | 844 ||| READING scroll of identify.
   844 | D:1      | 844 ||| IDENTIFYING fuming grey potion
   845 | D:1      | 845 ||| READING scroll labelled NITSILUENT.
   946 | D:1      | 946 ||| READING scroll labelled LOEJEO ILAYNEO.
   946 | D:1      | 946 ||| ENCHANTING +0 shortbow.
   947 | D:1      | 947 ||| READING scroll labelled XAKE QE ERA.
   948 | D:1      | 948 ||| READING scroll labelled ESTUZUIJ NUPLEN.
   953 | D:1      | 953 ||| DROPPING scroll of butterflies.
   954 | D:1      | 954 ||| DROPPING potion of invisibility.
  1014 | D:2      | Found a hazy altar of Hepliaklqana.
  1143 | D:2      | Found Hunlabb's Jewellery Boutique.
  1207 | D:2      | 1207 ||| SHOPLISTING +5 ring of evasion (360 gold, have
                  | 39).
  1207 | D:2      | 1207 ||| SHOPLISTING +6 ring of dexterity (360 gold, have
                  | 39).
  1207 | D:2      | 1207 ||| SHOPLISTING ring of protection from fire (250
                  | gold, have 39).
  1225 | D:2      | 1225 ||| FLEEEEING.
  1396 | D:2      | Reached XP level 4. HP: 22/22 MP: 5/5
  1442 | D:2      | Noticed Natasha
  1448 | D:2      | 1448 ||| RETREEEEATING.
  1449 | D:2      | 1449 ||| RETREEEEATING.
  1449 | D:2      | Noticed Jessica
  1450 | D:2      | 1450 ||| RETREEEEATING.
  1451 | D:2      | 1451 ||| RETREEEEATING.
  1452 | D:2      | 1452 ||| RETREEEEATING.
  1453 | D:2      | 1453 ||| RETREEEEATING.
  1454 | D:2      | 1454 ||| RETREEEEATING.
  1455 | D:2      | 1455 ||| RETREEEEATING.
  1456 | D:2      | 1456 ||| RETREEEEATING.
  1463 | D:2      | 1463 ||| RETREEEEATING.
  1464 | D:2      | 1464 ||| RETREEEEATING.
  1465 | D:2      | 1465 ||| RETREEEEATING.
  1466 | D:2      | 1466 ||| RETREEEEATING.
  1471 | D:2      | Killed Natasha
  1546 | D:2      | Killed Jessica
  1547 | D:2      | Reached skill level 5 in Dodging
  1723 | D:2      | Noticed Natasha
  1735 | D:2      | Killed Natasha
  1736 | D:2      | Reached XP level 5. HP: 17/26 MP: 6/6
  1786 | D:2      | Noticed Natasha
  1789 | D:2      | 1789 ||| FLEEEEING.
  1790 | D:2      | 1790 ||| FLEEEEING.
  1791 | D:2      | 1791 ||| FLEEEEING.
  1793 | D:2      | 1793 ||| FLEEEEING.
  1794 | D:2      | 1794 ||| FLEEEEING.
  1795 | D:2      | 1795 ||| FLEEEEING.
  1796 | D:2      | 1796 ||| FLEEEEING.
  1797 | D:2      | 1797 ||| FLEEEEING.
  1799 | D:2      | 1799 ||| FLEEEEING.
  1801 | D:2      | 1801 ||| FLEEEEING.
  1802 | D:2      | 1802 ||| FLEEEEING.
  1803 | D:2      | 1803 ||| FLEEEEING.
  1808 | D:2      | 1808 ||| RETREEEEATING.
  1810 | D:2      | 1810 ||| RETREEEEATING.
  1811 | D:2      | 1811 ||| RETREEEEATING.
  1812 | D:2      | 1812 ||| RETREEEEATING.
  1819 | D:2      | Killed Natasha
  1978 | D:2      | 1978 ||| READING 3 scrolls of identify.
  1978 | D:2      | 1978 ||| IDENTIFYING silvery potion
  1979 | D:2      | 1979 ||| READING 2 scrolls of identify.
  1979 | D:2      | 1979 ||| IDENTIFYING fizzy dark potion
  1980 | D:2      | 1980 ||| READING scroll of identify.
  1980 | D:2      | 1980 ||| IDENTIFYING grey potion
  1981 | D:2      | 1981 ||| READING scroll labelled GACSUF WITWUIG.
  1982 | D:2      | 1982 ||| READING scroll labelled SIGYOTT WYTUININ.
  1983 | D:2      | 1983 ||| DRINKING 2 purple potions.
  1984 | D:2      | 1984 ||| DRINKING 5 coppery potions.
  1985 | D:2      | 1985 ||| DROPPING potion of degeneration.
  1986 | D:2      | 1986 ||| DROPPING potion of ambrosia.
  1988 | D:2      | 1988 ||| Stepping ~*~*~tactically~*~*~ (cloud).
  1989 | D:2      | 1989 ||| DRINKING 4 potions of curing.
  1989 | D:2      | 1989 ||| (to cure poison)
  2039 | D:3      | HP: 6/26 [gnoll/+0 halberd (11)]
  2040 | D:3      | 2040 ||| DRINKING potion of heal wounds.
  2045 | D:3      | HP: 5/26 [gnoll/+0 flail (4)]
  2050 | D:3      | HP: 3/26 [gnoll/+0 halberd (3)]
  2058 | D:3      | 2058 ||| FLEEEEING.
  2059 | D:3      | 2059 ||| STAIRDANCE
  2316 | D:3      | Found a glowing golden altar of the Shining One.
  2500 | D:3      | Reached skill level 6 in Ranged Weapons
  2974 | D:3      | 2974 ||| UPGRADING to +0 cloak.
  2979 | D:3      | 2979 ||| READING 2 scrolls of identify.
  2979 | D:3      | 2979 ||| IDENTIFYING viscous emerald potion
  2980 | D:3      | 2980 ||| READING scroll of identify.
  2980 | D:3      | 2980 ||| IDENTIFYING fuming red potion
  2981 | D:3      | 2981 ||| READING scroll labelled HENTY BEHEBA.
  2982 | D:3      | 2982 ||| DROPPING potion of attraction.
  2999 | D:4      | Noticed Blork the orc
  3007 | D:4      | 3007 ||| DRINKING potion of haste.
  3022 | D:4      | Killed Blork the orc
  3023 | D:4      | Reached skill level 6 in Dodging
  3023 | D:4      | Reached XP level 6. HP: 14/30 MP: 7/7
  3114 | D:4      | 3114 ||| RETREEEEATING.
  3142 | D:4      | HP: 4/30 [gnoll/+0 spear[a gnoll bouda] (6)]
  3575 | D:4      | Found a burning altar of Makhleb.
  3868 | D:4      | Found Idaruote's Weapon Emporium.
  3945 | D:4      | 3945 ||| UPGRADING to +2 robe of resistance.
  3955 | D:4      | 3955 ||| DROPPING +0 robe.
  3991 | D:5      | Entered Level 5 of the Dungeon
  3993 | D:5      | 3993 ||| STAIRDANCE
  3997 | D:4      | Reached XP level 7. HP: 35/35 MP: 8/8
  4058 | D:5      | 4058 ||| RETREEEEATING.
  4059 | D:5      | 4059 ||| RETREEEEATING.
  4060 | D:5      | 4060 ||| RETREEEEATING.
  4061 | D:5      | 4061 ||| RETREEEEATING.
  4062 | D:5      | 4062 ||| RETREEEEATING.
  4076 | D:5      | Reached skill level 7 in Dodging
  4078 | D:5      | 4078 ||| RETREEEEATING.
  4079 | D:5      | 4079 ||| RETREEEEATING.
  4080 | D:5      | 4080 ||| RETREEEEATING.
  4081 | D:5      | 4081 ||| RETREEEEATING.
  4082 | D:5      | 4082 ||| RETREEEEATING.
  4083 | D:5      | 4083 ||| RETREEEEATING.
  4084 | D:5      | 4084 ||| RETREEEEATING.
  4085 | D:5      | 4085 ||| RETREEEEATING.
  4086 | D:5      | 4086 ||| RETREEEEATING.
  4087 | D:5      | 4087 ||| RETREEEEATING.
  4088 | D:5      | 4088 ||| RETREEEEATING.
  4089 | D:5      | 4089 ||| RETREEEEATING.
  4090 | D:5      | 4090 ||| RETREEEEATING.
  4091 | D:5      | 4091 ||| RETREEEEATING.
  4092 | D:5      | 4092 ||| RETREEEEATING.
  4093 | D:5      | 4093 ||| RETREEEEATING.
  4101 | D:5      | HP: 5/35 [gnoll/+0 halberd[a gnoll bouda] (6)]
  4102 | D:5      | 4102 ||| READING scroll of teleportation.
  4106 | D:5      | 4106 ||| RETREEEEATING.
  4257 | D:5      | HP: 8/35 [poisoned by a water moccasin]
  4262 | D:5      | HP: 5/35 [poisoned by a water moccasin]
  4420 | D:5      | Found a sparkling altar of Nemelex Xobeh.
  4512 | D:5      | Reached skill level 8 in Dodging
  4588 | D:5      | Found an opulent altar of Gozag.
  4629 | D:5      | Reached XP level 8. HP: 39/39 MP: 9/9
  4689 | D:5      | Reached skill level 3 in Fighting
  4888 | D:5      | 4888 ||| READING scroll of identify.
  4888 | D:5      | 4888 ||| IDENTIFYING fizzy silvery potion
  4889 | D:5      | 4889 ||| READING 2 scrolls labelled HOAFFU SAPNIOCH.
  4990 | D:5      | 4990 ||| DRINKING 2 viscous grey potions.
  4991 | D:5      | 4991 ||| FLEEEEING.
  4992 | D:5      | 4992 ||| FLEEEEING.
  4993 | D:5      | 4993 ||| FLEEEEING.
  4994 | D:5      | 4994 ||| FLEEEEING.
  4995 | D:5      | 4995 ||| FLEEEEING.
  4996 | D:5      | 4996 ||| FLEEEEING.
  4997 | D:5      | 4997 ||| FLEEEEING.
  4998 | D:5      | 4998 ||| FLEEEEING.
  4999 | D:5      | 4999 ||| FLEEEEING.
  5000 | D:5      | 5000 ||| FLEEEEING.
  5001 | D:5      | 5001 ||| FLEEEEING.
  5002 | D:5      | 5002 ||| FLEEEEING.
  5003 | D:5      | 5003 ||| FLEEEEING.
  5004 | D:5      | 5004 ||| FLEEEEING.
  5005 | D:5      | 5005 ||| FLEEEEING.
  5006 | D:5      | 5006 ||| FLEEEEING.
  5007 | D:5      | 5007 ||| STAIRDANCE
  5009 | D:4      | 5009 ||| FLEEEEING.
  5010 | D:4      | 5010 ||| FLEEEEING.
  5011 | D:4      | 5011 ||| FLEEEEING.
  5012 | D:4      | 5012 ||| FLEEEEING.
  5013 | D:4      | 5013 ||| FLEEEEING.
  5014 | D:4      | 5014 ||| FLEEEEING.
  5015 | D:4      | 5015 ||| FLEEEEING.
  5016 | D:4      | 5016 ||| FLEEEEING.
  5017 | D:4      | 5017 ||| FLEEEEING.
  5018 | D:4      | 5018 ||| FLEEEEING.
  5019 | D:4      | 5019 ||| FLEEEEING.
  5020 | D:4      | 5020 ||| FLEEEEING.
  5021 | D:4      | 5021 ||| FLEEEEING.
  5022 | D:4      | 5022 ||| FLEEEEING.
  5023 | D:4      | 5023 ||| FLEEEEING.
  5024 | D:4      | 5024 ||| FLEEEEING.
  5025 | D:4      | 5025 ||| STAIRDANCE
  5027 | D:3      | 5027 ||| FLEEEEING.
  5028 | D:3      | 5028 ||| FLEEEEING.
  5029 | D:3      | 5029 ||| FLEEEEING.
  5030 | D:3      | 5030 ||| FLEEEEING.
  5031 | D:3      | 5031 ||| FLEEEEING.
  5032 | D:3      | 5032 ||| FLEEEEING.
  5033 | D:3      | 5033 ||| FLEEEEING.
  5034 | D:3      | 5034 ||| FLEEEEING.
  5035 | D:3      | 5035 ||| FLEEEEING.
  5036 | D:3      | 5036 ||| FLEEEEING.
  5037 | D:3      | 5037 ||| FLEEEEING.
  5038 | D:3      | 5038 ||| FLEEEEING.
  5039 | D:3      | 5039 ||| FLEEEEING.
  5040 | D:3      | 5040 ||| FLEEEEING.
  5041 | D:3      | 5041 ||| FLEEEEING.
  5042 | D:3      | 5042 ||| FLEEEEING.
  5043 | D:3      | 5043 ||| FLEEEEING.
  5044 | D:3      | 5044 ||| FLEEEEING.
  5045 | D:3      | 5045 ||| FLEEEEING.
  5046 | D:3      | 5046 ||| FLEEEEING.
  5047 | D:3      | 5047 ||| FLEEEEING.
  5048 | D:3      | 5048 ||| FLEEEEING.
  5049 | D:3      | 5049 ||| FLEEEEING.
  5050 | D:3      | 5050 ||| FLEEEEING.
  5051 | D:3      | 5051 ||| FLEEEEING.
  5052 | D:3      | 5052 ||| FLEEEEING.
  5053 | D:3      | 5053 ||| FLEEEEING.
  5054 | D:3      | 5054 ||| FLEEEEING.
  5055 | D:3      | 5055 ||| FLEEEEING.
  5056 | D:3      | 5056 ||| FLEEEEING.
  5057 | D:3      | 5057 ||| FLEEEEING.
  5058 | D:3      | 5058 ||| DRINKING 2 fuming cyan potions.
  5101 | D:3      | 5101 ||| DROPPING scroll of silence.
  5102 | D:3      | 5102 ||| DROPPING potion of berserk rage.
  5103 | D:3      | 5103 ||| DROPPING potion of lignification.
  5276 | D:6      | 5276 ||| FLEEEEING.
  5277 | D:6      | 5277 ||| FLEEEEING.
  5278 | D:6      | 5278 ||| FLEEEEING.
  5324 | D:6      | Reached skill level 9 in Ranged Weapons
  5325 | D:6      | HP: 5/40 [orc wizard/magic dart (9)]
  5468 | D:6      | 5468 ||| SWAPPING to +0 arbalest.
  5469 | D:6      | 5469 ||| DROPPING +0 shortbow.
  5509 | D:6      | Reached skill level 9 in Dodging
  5594 | D:6      | Found a staircase to the Ecumenical Temple.
  5595 | D:6      | 5595 ||| PLANNING TEMPLE
  5595 | D:6      | 5595 ||| READING scroll of identify.
  5595 | D:6      | 5595 ||| IDENTIFYING scroll labelled ORI KOVILEN
  5596 | D:6      | 5596 ||| READING scroll of enchant weapon.
  5596 | D:6      | 5596 ||| ENCHANTING +0 arbalest.
  5607 | Temple   | Entered the Ecumenical Temple
  5608 | Temple   | 5608 ||| PLANNING OKAWARU WORSHIP
  5625 | Temple   | Became a worshipper of Warmaster Okawaru
  5626 | Temple   | 5626 ||| PLANNING D:1-11
  5886 | D:6      | Reached XP level 9. HP: 43/44 MP: 10/10
  5975 | D:6      | 5975 ||| READING scroll of enchant armour.
  5975 | D:6      | 5975 ||| ENCHANTING +0 cloak.
  6091 | D:6      | 6091 ||| READING scroll labelled OGYGIO QEHILE.
  6091 | D:6      | 6091 ||| BRANDING +1 arbalest.
  6160 | D:7      | Reached skill level 10 in Dodging
  6418 | D:7      | Found a shimmering blue altar of Sif Muna.
  6554 | D:7      | Identified the beast talisman of Qazlal's Castigation
                  | {rElec Will+ Stlth+}
  6621 | D:7      | Reached * piety under Okawaru
  6622 | D:7      | HP: 11/45 [wight/+4 flail of freezing (3)]
  6749 | D:7      | Reached skill level 1 in Invocations
  6834 | D:7      | 6834 ||| READING 3 scrolls of identify.
  6834 | D:7      | 6834 ||| IDENTIFYING fuming orange potion
  6875 | D:8      | Found a white marble altar of Elyvilon.
  6897 | D:8      | Noticed a two-headed ogre
  6898 | D:8      | 6898 ||| INVOKING Heroism.
  6901 | D:8      | Killed a two-headed ogre
  6902 | D:8      | Reached skill level 12 in Dodging
  6976 | D:8      | Found a staircase to the Lair.
  6982 | D:8      | 6982 ||| RETREEEEATING.
  6983 | D:8      | 6983 ||| RETREEEEATING.
  6984 | D:8      | 6984 ||| RETREEEEATING.
  6985 | D:8      | 6985 ||| RETREEEEATING.
  6988 | D:8      | Reached XP level 10. HP: 35/49 MP: 12/12
  6995 | D:8      | Reached skill level 3 in Invocations
  7010 | D:8      | Reached ** piety under Okawaru
  7077 | D:8      | 7077 ||| RETREEEEATING.
  7078 | D:8      | 7078 ||| RETREEEEATING.
  7079 | D:8      | 7079 ||| RETREEEEATING.
  7082 | D:8      | 7082 ||| RETREEEEATING.
  7087 | D:8      | 7087 ||| INVOKING Heroism.
  7492 | D:8      | 7492 ||| PLANNING LAIR
  7492 | D:8      | 7492 ||| READING 5 scrolls of identify.
  7492 | D:8      | 7492 ||| IDENTIFYING scroll labelled YXKYICS BOETOA
  7493 | D:8      | 7493 ||| READING 4 scrolls of identify.
  7493 | D:8      | 7493 ||| IDENTIFYING scroll labelled TUOSMA CISOER
  7494 | D:8      | 7494 ||| DROPPING scroll of revelation.
  7495 | D:8      | 7495 ||| DROPPING scroll of fog.
  7529 | Lair:1   | Entered Level 1 of the Lair of Beasts
  7561 | Lair:1   | Reached *** piety under Okawaru
  7563 | Lair:1   | Reached skill level 12 in Ranged Weapons
  7662 | Lair:1   | Noticed a cane toad
  7663 | Lair:1   | 7663 ||| INVOKING Heroism.
  7668 | Lair:1   | Killed a cane toad
  7669 | Lair:1   | Reached skill level 13 in Dodging
  7725 | Lair:1   | Noticed a cane toad
  7726 | Lair:1   | 7726 ||| RETREEEEATING.
  7727 | Lair:1   | 7727 ||| RETREEEEATING.
  7729 | Lair:1   | 7729 ||| INVOKING Heroism.
  7746 | Lair:1   | 7746 ||| INVOKING Heroism.
  7747 | Lair:1   | Killed a cane toad
  7943 | Lair:1   | Noticed a cane toad
  7944 | Lair:1   | 7944 ||| RETREEEEATING.
  7945 | Lair:1   | 7945 ||| INVOKING Heroism.
  7953 | Lair:1   | Killed a cane toad
  7954 | Lair:1   | Reached XP level 11. HP: 37/55 MP: 15/15
  8031 | Lair:1   | 8031 ||| RETREEEEATING.
  8034 | Lair:1   | 8034 ||| RETREEEEATING.
  8035 | Lair:1   | 8035 ||| RETREEEEATING.
  8036 | Lair:1   | 8036 ||| RETREEEEATING.
  8037 | Lair:1   | Reached **** piety under Okawaru
  8267 | Lair:1   | 8267 ||| RETREEEEATING.
  8269 | Lair:1   | 8269 ||| RETREEEEATING.
  8270 | Lair:1   | 8270 ||| RETREEEEATING.
  8271 | Lair:1   | 8271 ||| RETREEEEATING.
  8272 | Lair:1   | 8272 ||| RETREEEEATING.
  8273 | Lair:1   | 8273 ||| RETREEEEATING.
  8274 | Lair:1   | 8274 ||| RETREEEEATING.
  8275 | Lair:1   | 8275 ||| RETREEEEATING.
  8277 | Lair:1   | 8277 ||| RETREEEEATING.
  8278 | Lair:1   | 8278 ||| RETREEEEATING.
  8279 | Lair:1   | 8279 ||| RETREEEEATING.
  8281 | Lair:1   | 8281 ||| RETREEEEATING.
  8282 | Lair:1   | 8282 ||| RETREEEEATING.
  8286 | Lair:1   | 8286 ||| RETREEEEATING.
  8619 | Lair:1   | 8619 ||| READING 5 scrolls of identify.
  8619 | Lair:1   | 8619 ||| IDENTIFYING scroll labelled QEPHISIXUR
  8620 | Lair:1   | 8620 ||| DROPPING scroll of torment.
  8690 | Lair:2   | Noticed a seven-headed hydra
  8691 | Lair:2   | 8691 ||| INVOKING Finesse.
  8693 | Lair:2   | Killed a seven-headed hydra
  8762 | Lair:2   | Reached skill level 6 in Invocations
  8765 | Lair:2   | Reached ***** piety under Okawaru
  8998 | Lair:2   | Reached skill level 14 in Dodging
  9058 | Lair:2   | 9058 ||| INVOKING Finesse.
  9083 | Lair:2   | Received a gift from Okawaru
  9281 | Lair:2   | 9281 ||| RETREEEEATING.
  9282 | Lair:2   | 9282 ||| RETREEEEATING.
  9283 | Lair:2   | 9283 ||| RETREEEEATING.
  9284 | Lair:2   | 9284 ||| RETREEEEATING.
  9285 | Lair:2   | 9285 ||| RETREEEEATING.
  9286 | Lair:2   | 9286 ||| RETREEEEATING.
  9288 | Lair:2   | 9288 ||| INVOKING Finesse.
  9289 | Lair:2   | 9289 ||| INVOKING Finesse.
  9411 | Lair:2   | Noticed a boulder beetle
  9412 | Lair:2   | 9412 ||| RETREEEEATING.
  9413 | Lair:2   | 9413 ||| RETREEEEATING.
  9414 | Lair:2   | 9414 ||| RETREEEEATING.
  9415 | Lair:2   | 9415 ||| RETREEEEATING.
  9416 | Lair:2   | 9416 ||| INVOKING Finesse.
  9421 | Lair:2   | Killed a boulder beetle
  9422 | Lair:2   | Reached XP level 12. HP: 38/60 MP: 12/19
  9701 | Lair:2   | 9701 ||| DROPPING +0 cloak of preservation.
  9717 | Lair:3   | 9717 ||| STAIRDANCE
  9724 | Lair:3   | 9724 ||| STAIRDANCE
  9731 | Lair:3   | 9731 ||| STAIRDANCE
  9748 | Lair:3   | 9748 ||| STAIRDANCE
  9915 | Lair:3   | 9915 ||| RETREEEEATING.
  9918 | Lair:3   | 9918 ||| RETREEEEATING.
  9919 | Lair:3   | 9919 ||| RETREEEEATING.
  9920 | Lair:3   | 9920 ||| RETREEEEATING.
  9929 | Lair:3   | Reached skill level 9 in Invocations
  9966 | Lair:3   | 9966 ||| READING scroll of enchant armour.
  9966 | Lair:3   | 9966 ||| ENCHANTING +1 cloak.
  9998 | Lair:3   | Found a staircase to the Snake Pit.
 10016 | Lair:3   | Found a staircase to the Shoals.
 10131 | Lair:3   | 10131 ||| RETREEEEATING.
 10133 | Lair:3   | 10133 ||| RETREEEEATING.
 10135 | Lair:3   | 10135 ||| RETREEEEATING.
 10143 | Lair:3   | Reached skill level 15 in Dodging
 10159 | Lair:3   | Noticed a six-headed hydra
 10160 | Lair:3   | 10160 ||| INVOKING Finesse.
 10163 | Lair:3   | Killed a six-headed hydra
 10163 | Lair:3   | Received a gift from Okawaru
 10664 | Lair:4   | Reached skill level 6 in Fighting
 10702 | Lair:4   | Noticed a death yak
 10703 | Lair:4   | 10703 ||| RETREEEEATING.
 10705 | Lair:4   | 10705 ||| INVOKING Finesse.
 10712 | Lair:4   | Killed a death yak
 10769 | Lair:4   | Noticed a boulder beetle
 10770 | Lair:4   | 10770 ||| RETREEEEATING.
 10771 | Lair:4   | 10771 ||| INVOKING Finesse.
 10778 | Lair:4   | Killed a boulder beetle
 10802 | Lair:4   | Identified the ring "Nuapsec" {rPois EV+5 Str+3 Slay+3}
 10913 | Lair:4   | 10913 ||| RETREEEEATING.
 10914 | Lair:4   | 10914 ||| RETREEEEATING.
 10915 | Lair:4   | 10915 ||| RETREEEEATING.
 10916 | Lair:4   | 10916 ||| RETREEEEATING.
 10917 | Lair:4   | 10917 ||| RETREEEEATING.
 10918 | Lair:4   | 10918 ||| RETREEEEATING.
 10919 | Lair:4   | 10919 ||| RETREEEEATING.
 10920 | Lair:4   | 10920 ||| RETREEEEATING.
 10921 | Lair:4   | 10921 ||| RETREEEEATING.
 10922 | Lair:4   | 10922 ||| RETREEEEATING.
 10923 | Lair:4   | 10923 ||| RETREEEEATING.
 10930 | Lair:4   | 10930 ||| RETREEEEATING.
 10931 | Lair:4   | 10931 ||| RETREEEEATING.
 10932 | Lair:4   | 10932 ||| INVOKING Finesse.
 10942 | Lair:4   | HP: 13/61 [dream sheep (29)]
 10943 | Lair:4   | 10943 ||| READING scroll of teleportation.
 10944 | Lair:4   | 10944 ||| DRINKING potion of heal wounds.
 10958 | Lair:4   | Reached skill level 15 in Ranged Weapons
 11178 | Lair:4   | Reached XP level 13. HP: 61/65 MP: 21/21
 11181 | Lair:4   | 11181 ||| INVOKING Finesse.
 11182 | Lair:4   | 11182 ||| INVOKING Heroism.
 11394 | Lair:4   | 11394 ||| RETREEEEATING.
 11397 | Lair:4   | 11397 ||| RETREEEEATING.
 11398 | Lair:4   | 11398 ||| RETREEEEATING.
 11399 | Lair:4   | 11399 ||| RETREEEEATING.
 11400 | Lair:4   | 11400 ||| RETREEEEATING.
 11401 | Lair:4   | 11401 ||| RETREEEEATING.
 11402 | Lair:4   | 11402 ||| RETREEEEATING.
 11403 | Lair:4   | 11403 ||| RETREEEEATING.
 11404 | Lair:4   | 11404 ||| RETREEEEATING.
 11405 | Lair:4   | 11405 ||| RETREEEEATING.
 11406 | Lair:4   | 11406 ||| RETREEEEATING.
 11407 | Lair:4   | 11407 ||| RETREEEEATING.
 11408 | Lair:4   | 11408 ||| RETREEEEATING.
 11409 | Lair:4   | 11409 ||| RETREEEEATING.
 11410 | Lair:4   | 11410 ||| RETREEEEATING.
 11411 | Lair:4   | 11411 ||| RETREEEEATING.
 11412 | Lair:4   | 11412 ||| RETREEEEATING.
 11413 | Lair:4   | 11413 ||| RETREEEEATING.
 11417 | Lair:4   | 11417 ||| RETREEEEATING.
 11697 | Lair:4   | 11697 ||| UPGRADING to ring "Nuapsec" {rPois EV+5 Str+3
                  | Slay+3}.
 11724 | Lair:5   | Entered Level 5 of the Lair of Beasts
 11747 | Lair:5   | Reached skill level 16 in Dodging
 11783 | Lair:5   | 11783 ||| RETREEEEATING.
 11784 | Lair:5   | 11784 ||| RETREEEEATING.
 11785 | Lair:5   | 11785 ||| RETREEEEATING.
 11786 | Lair:5   | 11786 ||| RETREEEEATING.
 11789 | Lair:5   | Reached skill level 1 in Armour
 11791 | Lair:5   | 11791 ||| INVOKING Finesse.
 12089 | Lair:5   | Found a staircase to the Slime Pits.
 12140 | Lair:5   | Received a gift from Okawaru
 12147 | Lair:5   | 12147 ||| RETREEEEATING.
 12148 | Lair:5   | 12148 ||| RETREEEEATING.
 12242 | Lair:5   | 12242 ||| Stepping ~*~*~tactically~*~*~ (cloud).
 12243 | Lair:5   | 12243 ||| Stepping ~*~*~tactically~*~*~ (cloud).
 12284 | Lair:5   | 12284 ||| RETREEEEATING.
 12285 | Lair:5   | 12285 ||| RETREEEEATING.
 12286 | Lair:5   | 12286 ||| RETREEEEATING.
 12287 | Lair:5   | 12287 ||| RETREEEEATING.
 12288 | Lair:5   | 12288 ||| RETREEEEATING.
 12289 | Lair:5   | 12289 ||| RETREEEEATING.
 12290 | Lair:5   | 12290 ||| RETREEEEATING.
 12291 | Lair:5   | 12291 ||| INVOKING Finesse.
 12513 | Lair:5   | Reached skill level 17 in Dodging
 12531 | Lair:5   | 12531 ||| RETREEEEATING.
 12533 | Lair:5   | 12533 ||| RETREEEEATING.
 12547 | Lair:5   | 12547 ||| RETREEEEATING.
 12548 | Lair:5   | 12548 ||| RETREEEEATING.
 12552 | Lair:5   | 12552 ||| RETREEEEATING.
 12553 | Lair:5   | Received a gift from Okawaru
 12554 | Lair:5   | 12554 ||| DRINKING 2 potions of cancellation.
 12561 | Lair:5   | 12561 ||| DRINKING potion of cancellation.
 12705 | Lair:5   | Identified the +9 shortbow of Causality {heavy, Fly rElec
                  | rN+ Int+3}
 12896 | Lair:5   | 12896 ||| READING scroll of enchant weapon.
 12896 | Lair:5   | 12896 ||| ENCHANTING +1 heavy arbalest.
 13007 | Lair:5   | 13007 ||| PLANNING D:1-11
 13007 | Lair:5   | 13007 ||| READING 7 scrolls of identify.
 13007 | Lair:5   | 13007 ||| IDENTIFYING bubbling ruby potion
 13008 | Lair:5   | 13008 ||| READING 6 scrolls of identify.
 13008 | Lair:5   | 13008 ||| IDENTIFYING scroll labelled VASIOZ EWYV
 13009 | Lair:5   | 13009 ||| DROPPING potion of brilliance.
 13010 | Lair:5   | 13010 ||| DROPPING scroll of amnesia.
 13219 | D:9      | Noticed Maurice
 13221 | D:9      | Killed Maurice
 13454 | D:9      | Found a flagged portal.
 13659 | D:9      | You fall into a shaft and drop 1 floor!
 13659 | D:10     | Entered Level 10 of the Dungeon
 13708 | D:10     | 13708 ||| DROPPING +0 steam dragon scales.
 13709 | D:10     | 13709 ||| READING 5 scrolls of identify.
 13709 | D:10     | 13709 ||| IDENTIFYING inky potion
 14803 | D:11     | Noticed Erica
 14808 | D:11     | Killed Erica
 14911 | D:11     | 14911 ||| READING scroll of enchant weapon.
 14911 | D:11     | 14911 ||| ENCHANTING +2 heavy arbalest.
 14967 | D:11     | Found a staircase to the Orcish Mines.
 14977 | D:11     | Reached XP level 14. HP: 72/72 MP: 22/22
 15078 | D:11     | Noticed Psyche
 15079 | D:11     | Killed Psyche
 15281 | D:11     | 15281 ||| PLANNING D
 15281 | D:11     | 15281 ||| UPGRADING to +2 hat.
 15341 | D:12     | 15341 ||| RETREEEEATING.
 15342 | D:12     | 15342 ||| RETREEEEATING.
 15344 | D:12     | 15344 ||| RETREEEEATING.
 15412 | D:12     | 15412 ||| RETREEEEATING.
 15413 | D:12     | 15413 ||| RETREEEEATING.
 15618 | D:12     | Received a gift from Okawaru
 15973 | D:12     | Found Fiunyuzu's Antique Weapon Shop.
 16038 | D:12     | Reached skill level 18 in Dodging
 16044 | D:12     | 16044 ||| UPGRADING to amulet of faith.
 16230 | D:13     | Noticed Jorgrun
 16231 | D:13     | 16231 ||| INVOKING Finesse.
 16236 | D:13     | 16236 ||| FLEEEEING.
 16237 | D:13     | 16237 ||| FLEEEEING.
 16238 | D:13     | 16238 ||| FLEEEEING.
 16239 | D:13     | 16239 ||| FLEEEEING.
 16239 | D:13     | HP: 13/72 [constriction (14)]
 16240 | D:13     | 16240 ||| READING 5 scrolls of teleportation.
 16240 | D:13     | Constricted to death by Jorgrun

Levels and vault maps discovered:
D:1:      elethiomel_arrival_maze, layout_basic, basic_ecumenical_altar,
          interstate_on_off, feat_on_display
D:2:      minmay_inner_zag, layout_basic, serial_shops, nicolae_shop_peninsula,
          basic_altar, uniq_jessica, uniq_natasha
D:3:      layout_basic, mainiacjoe_overflow_tiny_flanked
D:4:      layout_loops_ring, makhleb_heckhound_becter, serial_shops,
          nicolae_shop_bloodbath_and_beyond, uniq_blork_the_orc
D:5:      black_bear_nest_2, layout_rooms, mainiacjoe_overflow_brackets,
          mainiacjoe_overflow_surrounded_room, kennysheep_generic_room_5
D:6:      layout_loops_ring, minmay_temple_entry_junction, hellmonk_no_cap
D:7:      layout_gridville, mainiacjoe_overflow_chevrons
D:8:      layout_rooms, elyvilon_altar_4, minmay_lair_entry_grove,
          serial_library_hellmonk_big_corner, minmay_misc_feat_cross
D:9:      layout_layer_cave, enter_bailey_4, uniq_maurice
D:10:     layout_long_grid, minmay_misc_feat_chi, grunt_ministairs_10
D:11:     layout_gridville, hiddenorc2_lemuel, uniq_erica, uniq_psyche
D:12:     layout_stronghold, serial_shops, nicolae_shop_advertising_works
          [nicolae_subvault_shop_adworks]
D:13:     layout_cave_pools, hellmonk_vaults_keyhole, chequers_big_river,
          uniq_jorgrun
Temple:   compressed_dpeg_triangle_lava_temple
Lair:1:   beast_lair_carwin_large_4, layout_cave_pods
Lair:2:   layout_roguey, portal_ice_cave_demonic_guard,
          cheibrodos_lair_caveside_slide, nzn_sisyphean_effort
Lair:3:   layout_misc_corridors, minmay_shoals_entry_beasts,
          guppyfry_snake_entry_garden
Lair:4:   nzn_winding_woodlands_cross [nzn_winding_woodlands_5x15_default,
          nzn_winding_woodlands_5x15_garden,
          nzn_winding_woodlands_5x15_concentric,
          nzn_winding_woodlands_5x15_jagged,
          nzn_winding_woodlands_15x15_boxy_spiral], layout_regular_city,
          nicolae_quartered_pool_impasse
Lair:5:   evilmike_catoblepas_cave, layout_regular_city,
          nicolae_slime_entry_field_trip

Skill      XL: |  1  2  3  4  5  6  7  8  9 10 11 12 13 14 |
---------------+-------------------------------------------+-----
Dodging        | 3 4 5 6 8 9 12 13 14 15 17 18 | 18.0
Ranged Weapons | 5 6 7 8 9 10 12 13 15 16 17 | 17.1
Fighting       | 2 3 4 5 6 7 |  7.0
Invocations    | 2 4 8 10 | 10.0
Armour         | 1 |  1.0
Stealth        | |  1.5

Action                     |  1- 3 |  4- 6 |  7- 9 | 10-12 | 13-15 || total
---------------------------+-------+-------+-------+-------+-------++-------
   Fire: Shortbow          |   105 |   286 |   227 |       |       ||   618
         Arbalest          |       |       |   101 |   402 |   406 ||   909
 Invoke: Heroism           |       |       |     1 |     5 |     1 ||     7
         Finesse           |       |       |       |     8 |     4 ||    12
    Use: Scroll            |     7 |     8 |     8 |     5 |     6 ||    34
         Potion            |       |     5 |     2 |     1 |     2 ||    10
 Armour: Robe              |    17 |    71 |    83 |    64 |    67 ||   302
  Dodge: Dodged            |    28 |   209 |   230 |   355 |   324 ||  1146

Table legend:
 A = Non-vault XP
 B = Vault XP
 C = Vault XP percentage of total XP
 D = Non-vault monster count
 E = Vault monster count
 F = Vault count percentage of total count
                 A         B        C        D         E       F
            +---------+---------+-------+---------+---------+-------
      Total |   48546 |   25838 |  34.7 |     337 |     136 |  28.8
            +---------+---------+-------+---------+---------+-------
        D:1 |      41 |       0 |   0.0 |      25 |       0 |   0.0
        D:2 |     125 |      95 |  43.2 |      17 |      10 |  37.0
        D:3 |     113 |       0 |   0.0 |      19 |       0 |   0.0
        D:4 |     222 |     143 |  39.2 |      19 |       2 |   9.5
        D:5 |     609 |     320 |  34.4 |      24 |       3 |  11.1
        D:6 |    1155 |     131 |  10.2 |      19 |       3 |  13.6
        D:7 |    1168 |       0 |   0.0 |      15 |       0 |   0.0
        D:8 |    2070 |    1935 |  48.3 |      15 |      11 |  42.3
        D:9 |     596 |     523 |  46.7 |       9 |       6 |  40.0
       D:10 |     946 |     491 |  34.2 |      11 |       2 |  15.4
       D:11 |    6127 |    1473 |  19.4 |      21 |      34 |  61.8
       D:12 |    4930 |       0 |   0.0 |      26 |       0 |   0.0
       D:13 |    1062 |       0 |   0.0 |       4 |       0 |   0.0
     Lair:1 |    3745 |    2649 |  41.4 |      17 |      15 |  46.9
     Lair:2 |    7852 |    2553 |  24.5 |      26 |       5 |  16.1
     Lair:3 |    5186 |     326 |   5.9 |      19 |       2 |   9.5
     Lair:4 |    4980 |    5274 |  51.4 |      24 |      14 |  36.8
     Lair:5 |    7619 |    9925 |  56.6 |      27 |      29 |  51.8
            +---------+---------+-------+---------+---------+-------
